 Dungeon Crawl Stone Soup version 0.27.1-34-g3ba077fa99 (webtiles) character file.

Game seed: 3695513331394711892

182 Renzlar the Shield-Bearer (level 5, 0/47 HPs)
             Began as a Gnoll Fighter on Jan 22, 2022.
             Splashed by a jelly's acid (8 damage)
             ... on level 2 of the Dungeon.
             The game lasted 00:06:16 (1423 turns).

Renzlar the Shield-Bearer (Gnoll Fighter)           Turns: 1423, Time: 00:06:19

Health: 0/47       AC:  2    Str: 16    XL:     5   Next: 62%
Magic:  7/7        EV:  9    Int:  8    God:
Gold:   71         SH: 10    Dex: 11    Spells: 7/7 levels left

rFire    + . .     SeeInvis .   a - +0 war axe
rCold    . . .     Faith    .   c - +0 kite shield
rNeg     . . .     Spirit   .   n - +2 ring mail {rF+}
rPois    .         Reflect  .   (no helmet)
rElec    .         Harm     .   r - +1 cloak
rCorr    .         Rampage  .   i - +0 pair of gloves
Will     .....                  o - +1 pair of boots
Stlth    +.........             (no amulet)
HPRegen  0.15/turn              (no ring)
MPRegen  0.10/turn              (no ring)

@: corroded
A: fangs 1, strong nose, distributed training
a: no special abilities


You were on level 2 of the Dungeon.
You visited 1 branch of the dungeon, and saw 2 of its levels.

You collected 71 gold pieces.

Inventory:

Hand Weapons
 a - a +0 war axe (weapon)
Missiles
 f - 91 stones (quivered)
 p - 9 poisoned darts
Armour
 c - a +0 kite shield (worn)
 i - a +0 pair of gloves (worn)
 j - a +0 chain mail
 n - a +2 ring mail of fire resistance (worn)
 o - a +1 pair of boots (worn)
 r - a +1 cloak (worn)
Scrolls
 b - a scroll of blinking {unknown}
 e - 3 scrolls of identify
 g - 2 scrolls of fog {unknown}
 k - a scroll of enchant armour {unknown}
 l - a scroll of teleportation {unknown}
 m - a scroll of silence {unknown}
 q - a scroll of summoning {unknown}
Potions
 d - a potion of might
 h - 2 potions of curing


   Skills:
 + Level 6.7 Fighting
 + Level 1.5 Short Blades
 + Level 1.5 Long Blades
 + Level 4.8 Axes
 + Level 1.5 Maces & Flails
 + Level 1.5 Polearms
 + Level 1.5 Staves
 + Level 1.5 Slings
 + Level 1.5 Bows
 + Level 1.5 Crossbows
 + Level 1.5 Throwing
 + Level 6.7 Armour
 + Level 1.5 Dodging
 + Level 1.5 Stealth
 + Level 6.7 Shields
 + Level 1.5 Unarmed Combat
 + Level 1.5 Spellcasting
 + Level 1.2 Conjurations
 + Level 1.2 Hexes
 + Level 1.2 Summonings
 + Level 1.2 Necromancy
 + Level 1.2 Translocations
 + Level 1.2 Transmutations
 + Level 1.2 Fire Magic
 + Level 1.2 Ice Magic
 + Level 1.2 Air Magic
 + Level 1.2 Earth Magic
 + Level 1.2 Poison Magic
 + Level 1.7 Invocations
 + Level 1.5 Evocations


You had 7 spell levels left.
You didn't know any spells.
Your spell library contained the following spells:

 Spells                   Type           Power      Damage    Failure   Level
 Passwall                 Tmut/Erth      1%         N/A       87%         2
 Swiftness                Air            2%         N/A       98%         3
 Invisibility             Hex            1%         N/A       100%        6


Dungeon Overview and Level Annotations

Branches:
Dungeon (2/15)

Altars:

Shops:
D:1 [   D:2 :


Innate Abilities, Weirdness & Mutations

You have very sharp teeth.
Your uncanny sense of smell can sniff out nearby items.
Your experience applies equally to all skills.


Message History

You hit the endoplasm.
The endoplasm is almost dead.
The endoplasm freezes you.
You are frozen.
You slash the jelly!
Your hands burn!
The jelly is heavily wounded.
You block the jelly's attack.
You hit the jelly.
Your hands burn!
You bite the jelly.
The jelly is almost dead.
You block the jelly's attack. x2
The endoplasm quivers.
You slash the jelly!
You kill the jelly!
You barely miss the jelly. You bite the jelly.
The jelly is lightly wounded.
The jelly hits you but does no damage. x2
You hit the jelly but do no damage.
Your hands burn!
The jelly is lightly wounded.
The jelly hits you but does no damage.
You slash the jelly!
Your hands burn!
The jelly is severely wounded.
The jelly barely misses you. x2
You hit the jelly.
Your hands burn!
You bite the jelly.
The jelly is almost dead.
The jelly hits you but does no damage.
You hit the jelly but do no damage. The acid corrodes you!
Your hands burn!
* * * LOW HITPOINT WARNING * * *
The jelly is almost dead.
The jelly barely misses you.
You barely miss the jelly.
The jelly is severely wounded.
The jelly hits you but does no damage. You block the jelly's attack.
You hit the jelly but do no damage. The acid corrodes you!
Your hands burn!
* * * LOW HITPOINT WARNING * * *
You bite the jelly.
The jelly is almost dead.
The jelly hits you.
* * * LOW HITPOINT WARNING * * *
The acid corrodes you!
You are splashed with acid!
You die...

##### ##########
###.##. #.P.....÷(
##.#. #...P...P.
##.. #.J.JJJ.J. ##.
#÷J.P...P. #†
#÷.J..P.P. #.
#..÷PJ..J. #.
#J####### #.
##J@)...## #. ∆ ..#
########.##########.
##.##
#....'..###.........
#...# #....####
#......... #####...#
#.......# ##########
...##...####
#.......# #
##.........#
#.......# #
...........#
#.......# #
##.).>.....#
##..)).## #


You could see a jelly and an endoplasm.

Vanquished Creatures
  A jelly (D:2)
  Terence (D:2)
  Natasha (D:2)
  3 gnolls (D:2)
  An adder (D:2)
  A worm (D:2)
  2 dart slugs (D:2)
  5 bats
  6 endoplasms (D:2)
  3 giant cockroaches
  3 goblins (D:1)
  3 hobgoblins (D:1)
  4 jackals (D:1)
  11 kobolds
  A quokka (D:1)
  3 ball pythons
  3 frilled lizards
  7 rats
59 creatures vanquished.

Vanquished Creatures (others)
  7 fungi (D:2)
  7 toadstools (D:2)
14 creatures vanquished.

Grand Total: 73 creatures vanquished

Notes
Turn   | Place    | Note
-------+----------+-------------------------------------------
     0 | D:1      | Renzlar the Gnoll Fighter began the quest for the Orb.
     0 | D:1      | Reached XP level 1. HP: 23/23 MP: 1/1
    46 | D:1      | Reached XP level 2. HP: 29/29 MP: 2/2
   249 | D:1      | Reached XP level 3. HP: 34/35 MP: 3/3
   277 | D:1      | Found Puris's Armour Shoppe.
   645 | D:2      | Noticed Terence
   654 | D:2      | Killed Terence
   655 | D:2      | Reached skill level 1 in Short Blades
   655 | D:2      | Reached skill level 1 in Long Blades
   655 | D:2      | Reached skill level 1 in Maces & Flails
   655 | D:2      | Reached skill level 1 in Polearms
   655 | D:2      | Reached skill level 1 in Staves
   655 | D:2      | Reached skill level 1 in Slings
   655 | D:2      | Reached skill level 1 in Bows
   655 | D:2      | Reached skill level 1 in Crossbows
   655 | D:2      | Reached skill level 1 in Throwing
   655 | D:2      | Reached skill level 1 in Dodging
   655 | D:2      | Reached skill level 1 in Stealth
   655 | D:2      | Reached skill level 1 in Unarmed Combat
   655 | D:2      | Reached skill level 1 in Spellcasting
   655 | D:2      | Reached skill level 1 in Invocations
   655 | D:2      | Reached skill level 1 in Evocations
   655 | D:2      | Reached XP level 4. HP: 34/41 MP: 5/5
   782 | D:2      | Reached skill level 1 in Conjurations
   782 | D:2      | Reached skill level 1 in Hexes
   782 | D:2      | Reached skill level 1 in Summonings
   782 | D:2      | Reached skill level 1 in Necromancy
   782 | D:2      | Reached skill level 1 in Translocations
   782 | D:2      | Reached skill level 1 in Transmutations
   782 | D:2      | Reached skill level 1 in Fire Magic
   782 | D:2      | Reached skill level 1 in Ice Magic
   782 | D:2      | Reached skill level 1 in Air Magic
   782 | D:2      | Reached skill level 1 in Earth Magic
   782 | D:2      | Reached skill level 1 in Poison Magic
   880 | D:2      | Noticed Natasha
   881 | D:2      | Found Tytz's Book Shop.
   893 | D:2      | Killed Natasha
   894 | D:2      | Reached XP level 5. HP: 14/47 MP: 5/7
  1423 | D:2      | Splashed by a jelly's acid

Illustrated notes

Levels and vault maps discovered:
D:1:      shiori_arrival_maze, layout_rooms, serial_shops,
          nicolae_shop_statue_plus
D:2:      cheibrodos_fertilizer, layout_loops_ring, serial_shops,
          shop_fountains, st_stairs_13, solitary_fountain, minmay_tetromino_i2,
          uniq_natasha, uniq_terence

Skill      XL: |  1  2  3  4 |
---------------+-------------+-----
Short Blades   | 1 |  1.5
Long Blades    | 1 |  1.5
Maces & Flails | 1 |  1.5
Polearms       | 1 |  1.5
Staves         | 1 |  1.5
Slings         | 1 |  1.5
Bows           | 1 |  1.5
Crossbows      | 1 |  1.5
Throwing       | 1 |  1.5
Dodging        | 1 |  1.5
Stealth        | 1 |  1.5
Unarmed Combat | 1 |  1.5
Spellcasting   | 1 |  1.5
Invocations    | 1 |  1.7
Evocations     | 1 |  1.5
Conjurations   | 1 |  1.2
Hexes          | 1 |  1.2
Summonings     | 1 |  1.2
Necromancy     | 1 |  1.2
Translocations | 1 |  1.2
Transmutations | 1 |  1.2
Fire Magic     | 1 |  1.2
Ice Magic      | 1 |  1.2
Air Magic      | 1 |  1.2
Earth Magic    | 1 |  1.2
Poison Magic   | 1 |  1.2
Fighting       | |  6.7
Axes           | |  4.8
Armour         | |  6.7
Shields        | |  6.7

Action                   |  1- 3 |  4- 6 || total
-------------------------+-------+-------++-------
Melee: War axe           |    74 |    74 ||   148
       Bite              |    10 |    10 ||    20
  Use: Scroll            |     2 |       ||     2
Armor: Scale mail        |    30 |       ||    30
       Chain mail        |     5 |       ||     5
       Ring mail         |       |    38 ||    38
Dodge: Dodged            |    14 |    28 ||    42
Block: Kite shield       |    33 |    40 ||    73
